 Dungeon Crawl Stone Soup version 0.27-a0-607-g1ad3dbde53 (webtiles) character file.

Game seed: 10413431608423984572

36 Johnny the Thaumaturge (level 3, 0/19 HPs)
             Began as a Deep Elf Earth Elementalist on Mar 13, 2021.
             Succumbed to a kobold's poison
             ... on level 1 of the Dungeon.
             The game lasted 00:00:43 (482 turns).

Johnny the Thaumaturge (Deep Elf Earth Elementalist) Turns: 482, Time: 00:00:44

Health: 0/19       AC:  2    Str:  5    XL:     3   Next: 19%
Magic:  7/15       EV: 12    Int: 20    God:
Gold:   14         SH:  0    Dex: 15    Spells: 19/20 levels left

rFire    . . .     SeeInvis .   (no weapon)
rCold    . . .     Faith    .   (no shield)
rNeg     . . .     Spirit   .   c - +0 robe
rPois    .         Reflect  .   (no helmet)
rElec    .         Harm     .   (no cloak)
rCorr    .         Rampage  .   (no gloves)
Will     .....                  (no boots)
Stlth    ++........             (no amulet)
HPRegen  0.06/turn              (no ring)
MPRegen  0.14/turn              (no ring)

@: lethally poisoned (0 -> -14), flying, very slightly contaminated, invisible
A: no striking features
a: no special abilities


You were on level 1 of the Dungeon.
You visited 1 branch of the dungeon, and saw 1 of its levels.

You collected 14 gold pieces.

Inventory:

Hand Weapons
 a - a +0 dagger of venom
Missiles
 b - 21 stones
Armour
 c - a +0 robe (worn)
Jewellery
 f - a +6 ring of strength
Scrolls
 d - a scroll of identify {unknown}
Potions
 e - a potion of invisibility


   Skills:
 - Level 2.4 Dodging
 - Level 2.4 Stealth
 + Level 9.2 Spellcasting
 - Level 1.1 Transmutations
 + Level 8.0 Earth Magic


You had 19 spell levels left.
You knew the following spells:

 Your Spells              Type           Power      Damage    Failure   Level
a - Sandblast             Erth           82%        2d17      1%          1

Your spell library contained the following spells:

 Spells                   Type           Power      Damage    Failure   Level
 Passwall                 Tmut/Erth      22%        N/A       1%          2
 Stone Arrow              Conj/Erth      50%        3d10      4%          3
 Lee's Rapid Deconstruct  Erth           20%        3d13*     8%          5
 Petrify                  Tmut/Erth      27%        N/A       12%         4


Dungeon Overview and Level Annotations

Branches:
Dungeon (1/15)

Altars:


Message History

The blast of sand hits the kobold!
You kill the kobold!
You feel sick.
Casting: Sandblast (safe; 3% risk of failure)
Confirm with . or Enter, or press ? or * to list all spells.
You can't see any susceptible monsters within range! (Use Z to cast anyway.)
Casting: Sandblast (safe; 3% risk of failure)
Confirm with . or Enter, or press ? or * to list all spells.
You can't see any susceptible monsters within range! (Use Z to cast anyway.)
Casting: Sandblast (safe; 3% risk of failure)
Confirm with . or Enter, or press ? or * to list all spells.
You can't see any susceptible monsters within range! (Use Z to cast anyway.) It was a potion of invisibility.
You fade into invisibility!
* * * LOW HITPOINT WARNING * * *
You feel sick.
You are very lightly contaminated with residual magic.
It was a potion of flight.
You feel very buoyant.
You fly up into the air.
* * * LOW HITPOINT WARNING * * *
You feel sick.
It was a potion of experience.
You feel more experienced!
Your Spellcasting skill gained 6 levels and is now at level 9!
Your Earth Magic skill gained 5 levels and is now at level 8!
You have reached level 3!
Your experience leads to an increase in your attributes!
Increase (S)trength, (I)ntelligence, or (D)exterity?
You feel clever.
* * * LOW HITPOINT WARNING * * *
You feel sick.
Unknown command.
* * * LOW HITPOINT WARNING * * *
You feel sick.
Items here: $ ) = †.
a - a +0 dagger of venom;
f - a +6 ring of strength
* * * LOW HITPOINT WARNING * * *
You feel sick.
You die...

#. ..##.#.# ####### #.
#####.##.#.# #......
#. ##...#.##.#.#
###.#####
#.###.#.#..##.#.#
#...# #
#......#...##.#.#
#.### #
#..##.###.(##.#.# #.#
#### #..#.##
##.##.#.###.####...
#...##
##$..÷.÷........##
#..#.##
##@###.......###.#$
#..##.###..# #..###..#
#.##
#......#...###..#....#
#...
##.####.#.##.........#
#..# #.
###....#......## ##.#
#. #..#.#..#.### #.#
## ...#....#.#######.#
.#####............. #.
#.....†........#


There were no monsters in sight!

Vanquished Creatures
  4 goblins (D:1)
  A hobgoblin (D:1)
  2 kobolds (D:1)
  3 bats (D:1)
10 creatures vanquished.

Notes
Turn   | Place    | Note
-------+----------+-------------------------------------------
     0 | D:1      | Johnny the Deep Elf Earth Elementalist began the quest for
                  | the Orb.
     0 | D:1      | Reached XP level 1. HP: 10/10 MP: 6/6
   210 | D:1      | Reached XP level 2. HP: 3/15 MP: 0/8
   479 | D:1      | Reached skill level 9 in Spellcasting
   479 | D:1      | Reached XP level 3. HP: 4/19 MP: 7/15
   482 | D:1      | Succumbed to a kobold's poison

Illustrated notes

Levels and vault maps discovered:
D:1:      lightli_arrival_chessboard, layout_loops_ring, item_on_display_a

Skill      XL: |  1  2 |
---------------+-------+-----
Spellcasting   | 9 |  9.2
Earth Magic    | 8 |  8.0
Dodging        | |  2.4
Stealth        | |  2.4
Transmutations | |  1.1

Action                   || total
-------------------------++-------
Melee: Unarmed           ||    13
 Cast: Sandblast         ||    13
  Use: Potion            ||     3
 Stab: Sleeping          ||     2
Armor: Robe              ||     3
Dodge: Dodged            ||    17

Table legend: (Time is in decaauts)
 A = Elapsed time spent in this place.
 B = Non-inter-level travel time spent in this place.
 C = Inter-level travel time spent in this place.
 D = Time resting spent in this place.
 E = Time spent auto-exploring this place.
 F = Levels seen in this place.
 G = Mean time per level.
                   A        B        C        D        E       F      G
               +--------+--------+--------+--------+--------+-----+--------+
         Total |    482 |    482 |      0 |    218 |    191 |   1 |  482.0 |
       Dungeon |    482 |    482 |      0 |    218 |    191 |   1 |  482.0 |
               +--------+--------+--------+--------+--------+-----+--------+

Top non-repeatable levels by time:
     D:1: 482 daAuts
